 Dungeon Crawl Stone Soup version 0.20.1-1-g8b1a95d (webtiles) character file.

3734 dohliylev the Covert (level 9, -6/66 HPs)
             Began as a Vampire Enchanter on Aug 8, 2017.
             Was a Believer of Nemelex Xobeh.
             Mangled by a red devil
             ... wielding a +0 trident
             ... summoned by an orc high priest
              (14 damage)
             ... in a bailey.
             The game lasted 00:41:11 (9440 turns).

dohliylev the Covert (Vampire Enchanter)            Turns: 9440, Time: 00:41:14

Health: -6/66      AC:  5    Str:  7    XL:     9   Next: 92%
Magic:  1/15       EV: 19    Int: 20    God:    Nemelex Xobeh [**....]
Gold:   306        SH:  5    Dex: 18    Spells: 2/16 levels left

rFire    . . .     SeeInvis +   a - +2 dagger (venom)
rCold    . . .     Gourm    .   D - +0 buckler
rNeg     + . .     Faith    .   b - +0 robe
rPois    .         Spirit   .   l - +1 helmet
rElec    .         Reflect  .   (no cloak)
rCorr    .         Harm     .   (no gloves)
MR       .....                  u - +0 pair of boots
Stlth    +++++.....             (no amulet)
Regen    0.3/turn               H - +3 ring of dexterity
MPRegen  0.2/turn               m - ring of wizardry

@: no status effects
A: fangs 3, see invisible, unbreathing
a: Bat Form, Renounce Religion


You were in a bailey.
You worshipped Nemelex Xobeh.
Nemelex Xobeh was pleased with you.
You were not thirsty.

You visited 2 branches of the dungeon, and saw 9 of its levels.
You also visited: Bailey.

You collected 511 gold pieces.
You spent 205 gold pieces at shops.

Inventory:

Hand Weapons
 a - a +2 dagger of venom (weapon)
 r - a +1 short sword of electrocution
 z - a +2 rapier of flaming
Armour
 b - a +0 robe (worn)
 l - a +1 helmet (worn)
 u - a +0 pair of boots (worn)
 D - a +0 buckler (worn)
Magical Staves
 C - an uncursed staff of conjuration
Jewellery
 m - a ring of wizardry (right hand)
 H - a +3 ring of dexterity (left hand)
Wands
 F - a wand of polymorph (15/24)
 K - a wand of iceblast (10/15)
Scrolls
 e - 7 scrolls of fear
 g - 4 scrolls of remove curse
 j - 4 scrolls of teleportation
 n - a scroll of noise
 o - a scroll of blinking
 s - a scroll of identify
 t - 2 scrolls of amnesia
Potions
 d - 13 potions of blood
 f - 4 potions of curing
 h - a potion of haste
 i - 3 potions of brilliance
 k - 2 potions of agility
 p - 2 potions of might
 q - a potion of mutation {unknown}
 w - a potion of flight {unknown}
 A - 2 potions of magic
 B - 3 potions of heal wounds
 G - a potion of berserk rage {unknown}
 J - a potion of ambrosia {unknown}
Books
 c - a book of Maledictions

   Spells                             Type                      Level
   a - Corona                         Hexes                        1
   b - Ensorcelled Hibernation        Hexes/Ice                    2
   c - Confuse                        Hexes                        3
   d - Tukima's Dance                 Hexes                        3
   e - Dazzling Spray                 Conjuration/Hexes            3
 v - a book of Summonings

   Spells                             Type                      Level
   a - Recall                         Summoning/Translocation      3
   b - Aura of Abjuration             Summoning                    5
   c - Summon Demon                   Summoning                    5
   d - Summon Forest                  Summoning/Translocation      5
   e - Summon Mana Viper              Hexes/Summoning              5
   f - Shadow Creatures               Summoning                    6
 I - the Handbook of Cankerous Air
   (You found it on level 6 of the Dungeon)

   Spells                             Type                      Level
   a - Ignite Poison                  Fire/Transmutation/Poison    3
   b - Spider Form                    Transmutation/Poison         3
   c - Silence                        Hexes/Air                    5
   d - Alistair's Intoxication        Transmutation/Poison         5
Miscellaneous
 y - a plain deck of destruction
 E - a plain deck of summoning


   Skills:
 + Level 4.5 Fighting
 + Level 5.6 Short Blades
 + Level 8.6 Dodging
 + Level 9.8 Stealth
 + Level 3.6 Shields
 + Level 4.0 Spellcasting
 + Level 7.1 Hexes
 + Level 2.4 Ice Magic
 + Level 1.3 Evocations


You had 2 spell levels left.
You knew the following spells:

 Your Spells              Type           Power        Failure   Level  Hunger
a - Corona                Hex            ####...      1%          1    None
b - Ensorcelled Hibernat  Hex/Ice        ###...       1%          2    #......
c - Confuse               Hex            ####....     1%          3    ###....
d - Silence               Hex/Air        ###.......   32%         5    ######.
e - Ignite Poison         Fire/Tmut/Pois #.......     16%         3    ###....


Dungeon Overview and Level Annotations

Branches:
Dungeon (8/15)             Temple (1/1) D:4
   Lair: D:8-11

Altars:
Ashenzari
Cheibriados
Dithmenos
Elyvilon
Fedhas
Gozag
Hepliaklqana
Kikubaaqudgha
Makhleb
Nemelex Xobeh
Okawaru
Qazlal
Ru
Sif Muna
Trog
Uskayaw
Vehumet
Xom
Yredelemnul
Zin
The Shining One

Shops:
D:7 (!*(:   D:8 (


Innate Abilities, Weirdness & Mutations

You have razor-sharp teeth.
You have supernaturally acute eyesight. (SInv)
You can survive without breathing.


Message History

You hit the orc high priest but do no damage.
The orc high priest looks as sick as possible!
The orc high priest is lightly wounded.
The orc misses you.
The orc high priest hits you but does no damage.
You hit the orc high priest but do no damage.
The orc high priest looks as sick as possible!
The orc high priest is lightly wounded.
The red devil hits you from afar with a trident!
* * * LOW HITPOINT WARNING * * *
You block the orc's attack.
The hobgoblin shouts!
You hit the orc high priest but do no damage.
The orc high priest is lightly wounded.
The orc high priest mumbles some strange prayers to Beogh against you.
Pain shoots through your body!
* * * LOW HITPOINT WARNING * * *
The red devil hits you from afar with a trident!
You die...
Your body glows slightly and disappears.

##'#...oKg.g...#+##
+g.......o........+
#.8.............8.#
#.o.......o .....# #.8.###
###.8.#
#.....#######.....#
#.8...#.....#...8.#
#....)#.....#.....# ≈
####..#@o⌠.g#..#### ≈≈
#34o.....'..# ≈≈≈
#..'.....'..# ≈≈≈≈
#####'''##### ≈≈≈≈≈
#..)........#
≈≈≈≈≈≈######≈≈≈≈...≈≈≈≈###
≈≈≈≈≈≈≈≈≈≈≈≈≈≈≈≈...≈≈≈≈≈≈≈
≈≈≈≈≈≈≈≈≈≈≈≈≈≈≈≈...≈≈≈≈≈≈≈
≈≈≈≈≈≈≈≈≈≈≈≈≈≈≈≈...≈≈≈≈≈≈≈


You could see an orc high priest, a smoke demon, a red devil, an orc and a
hobgoblin.

Vanquished Creatures
  2 hippogriffs (D:7)
  Sigmund (D:4)
  A human (D:7)
  4 hogs (D:7)
  5 orc warriors
  2 ice beasts
  A sky beast (D:8)
  2 black bears
  3 ogres
  A phantom (D:7)
  A wolf (D:8)
  A centaur (D:7)
  The ghost of graki42 the Magician, an amateur DEFE (D:3)
  A big kobold (D:7)
  A howler monkey (D:7)
  2 electric eels
  3 crimson imps
  A centaur zombie (D:5)
  A jelly (D:7)
  2 hounds
  3 bullfrog skeletons
  A centaur skeleton (D:7)
  7 orc wizards
  2 worker ants
  5 gnolls
  9 adders
  A shadow imp (D:5)
  An adder skeleton (D:6)
  4 worms
  3 dart slugs
  7 leopard geckos
  27 orcs
  8 bats
  7 giant cockroaches
  11 goblins
  9 hobgoblins
  3 jackals (D:5)
  14 kobolds
  4 quokkas
  A ball python (D:2)
  5 frilled lizards
  A quokka zombie (D:5)
  13 rats
182 creatures vanquished.

Vanquished Creatures (others)
  2 gnolls (Bailey)
2 creatures vanquished.

Grand Total: 184 creatures vanquished

Notes
Turn   | Place    | Note
-------+----------+-------------------------------------------
     0 | D:1      | dohliylev the Vampire Enchanter began the quest for the Orb.
     0 | D:1      | Reached XP level 1. HP: 13/13 MP: 3/3
   228 | D:1      | Reached XP level 2. HP: 11/19 MP: 1/5
   232 | D:1      | Learned a level 2 spell: Ensorcelled Hibernation
   354 | D:1      | Reached skill level 5 in Hexes
   561 | D:1      | Reached XP level 3. HP: 19/24 MP: 2/6
   760 | D:1      | Reached skill level 5 in Stealth
  1288 | D:2      | Reached skill level 1 in Ice Magic
  1728 | D:2      | Reached XP level 4. HP: 30/30 MP: 7/7
  2470 | D:2      | Found a glowing golden altar of the Shining One.
  2677 | D:3      | Found a shattered altar of Ashenzari.
  2922 | D:3      | Noticed graki42's ghost (amateur DEFE)
  2936 | D:3      | Learned a level 3 spell: Confuse
  2968 | D:3      | Killed graki42's ghost
  2968 | D:3      | Reached skill level 6 in Stealth
  2968 | D:3      | Reached XP level 5. HP: 35/35 MP: 4/9
  3652 | D:3      | Found a faded altar of an unknown god.
  3692 | D:3      | You fall through a shaft!
  3692 | D:4      | Found a staircase to the Ecumenical Temple.
  3700 | Temple   | Entered the Ecumenical Temple
  3761 | Temple   | Became a worshipper of Nemelex Xobeh the Trickster
  3776 | D:4      | Noticed Sigmund
  3789 | D:4      | Killed Sigmund
  3789 | D:4      | Reached XP level 6. HP: 42/42 MP: 2/10
  3809 | D:4      | Reached skill level 7 in Stealth
  3933 | D:4      | Received a gift from Nemelex Xobeh
  4748 | D:5      | Entered Level 5 of the Dungeon
  5226 | D:5      | Reached skill level 8 in Stealth
  5346 | D:5      | Reached skill level 1 in Shields
  5346 | D:5      | Reached XP level 7. HP: 47/47 MP: 4/11
  5422 | D:5      | Reached * piety under Nemelex Xobeh
  5559 | D:5      | Reached skill level 1 in Fighting
  6589 | D:6      | Reached skill level 5 in Short Blades
  6675 | D:6      | Reached XP level 8. HP: 54/56 MP: 10/12
  6764 | D:6      | Identified the Handbook of Cankerous Air
  6988 | D:6      | Reached skill level 5 in Dodging
  7372 | D:7      | Noticed a hippogriff
  7381 | D:7      | Killed a hippogriff
  7381 | D:7      | Reached skill level 1 in Evocations
  7593 | D:7      | Found Mehiv's Distillery.
  7622 | D:7      | Reached ** piety under Nemelex Xobeh
  7699 | D:7      | Bought a potion of heal wounds for 75 gold pieces
  7699 | D:7      | Bought a potion of curing for 45 gold pieces
  7699 | D:7      | Bought a potion of degeneration for 15 gold pieces
  7890 | D:7      | Found Ticen's Assorted Antiques.
  8130 | D:7      | Reached XP level 9. HP: 59/65 MP: 2/13
  8226 | D:7      | Received a gift from Nemelex Xobeh
  8345 | D:7      | Bought a scroll of identify for 70 gold pieces
  8360 | D:7      | Learned a level 5 spell: Silence
  8364 | D:7      | Learned a level 3 spell: Ignite Poison
  8372 | D:7      | Found Cutaeluso's Weapon Shoppe.
  8561 | D:7      | Found Woariada's Weapon Boutique.
  8761 | D:7      | Found Feutym's Book Shop.
  8775 | D:7      | Reached skill level 9 in Stealth
  9005 | D:8      | Found Hueboede's Antique Weapon Emporium.
  9031 | D:8      | Found a flagged portal.
  9040 | Bailey   | Entered a bailey
  9382 | Bailey   | Found an iron altar of Okawaru.
  9382 | Bailey   | Noticed an orc high priest
  9399 | Bailey   | Noticed a kobold demonologist
  9432 | Bailey   | Noticed a red devil
  9437 | Bailey   | Noticed a smoke demon
  9440 | Bailey   | Mangled by a red devil

Skill      XL: |  1  2  3  4  5  6  7  8  9 |
---------------+----------------------------+-----
Hexes          | 5 6 7 |  7.1
Stealth        | 5 6 8 9 |  9.8
Ice Magic      | 1 2 |  2.4
Short Blades   | 2 3 5 |  5.6
Dodging        | 3 4 7 8 |  8.6
Spellcasting   | 3 4 |  4.0
Shields        | 1 2 3 |  3.6
Fighting       | 2 3 4 |  4.5
Evocations     | 1 |  1.3

Action                   |  1- 3 |  4- 6 |  7- 9 || total
-------------------------+-------+-------+-------++-------
Melee: Dagger            |   126 |   168 |   234 ||   528
       Bite              |    10 |    12 |    20 ||    42
       Short sword       |       |    12 |    17 ||    29
       Unarmed           |       |       |     1 ||     1
 Cast: Corona            |     5 |     1 |       ||     6
       Ensorcelled Hiber |    21 |    50 |    71 ||   142
       Confuse           |       |     6 |    11 ||    17
 Abil: End Transformatio |       |       |     3 ||     3
       Bat Form          |       |       |     3 ||     3
  Use: Scroll            |       |     3 |    11 ||    14
       Potion            |       |       |     5 ||     5
 Stab: Sleeping          |    16 |    34 |    35 ||    85
       Confused          |       |     5 |     8 ||    13
  Eat: Corpse            |    14 |    13 |    12 ||    39
Armor: Robe              |    19 |    70 |    24 ||   113
Dodge: Dodged            |    87 |   143 |   112 ||   342
Block: Shield            |       |     7 |       ||     7
       Buckler           |       |     5 |    36 ||    41
